 Dungeon Crawl Stone Soup version 0.21.1-1-g345015fe64 (webtiles) character file.

4265 Norri the Spear-Bearer (level 10, 0/93 HPs)
             Began as a Minotaur Monk on Apr 7, 2018.
             Was an Elder of Okawaru.
             Slain by a two-headed ogre
             ... wielding a +0 giant club
              (5 damage)
             ... on level 8 of the Dungeon on May 3, 2018.
             The game lasted 00:53:18 (7789 turns).

Norri the Spear-Bearer (Minotaur Monk)              Turns: 7789, Time: 00:53:19

Health: 0/93       AC: 15    Str: 20    XL:     10   Next: 10%
Magic:  11/11      EV:  5    Int:  7    God:    Okawaru [****..]
Gold:   288        SH:  9    Dex: 12    Spells: 9/9 levels left

rFire    + . .     SeeInvis .   a - +0 spear
rCold    . . .     Gourm    .   y - +1 shield {reflect}
rNeg     . . .     Faith    +   q - +0 plate armour
rPois    .         Spirit   .   (helmet restricted)
rElec    .         Reflect  +   (no cloak)
rCorr    .         Harm     .   (no gloves)
MR       .....     Rnd*Tele +   h - +0 pair of boots
Stlth    ..........             r - amulet of faith
HPRegen  0.25/turn              k - ring of teleportation (curse)
MPRegen  0.12/turn              w - ring of protection from fire

@: flying
A: retaliatory headbutt, horns 2
a: Heroism, Renounce Religion


You were on level 8 of the Dungeon.
You worshipped Okawaru.
Okawaru was greatly pleased with you.
You were not hungry.

You visited 1 branch of the dungeon, and saw 8 of its levels.

You collected 288 gold pieces.

Inventory:

Hand Weapons
 a - a +0 spear (weapon)
 C - a +0 halberd
Missiles
 D - 6 tomahawks (quivered)
Armour
 h - a +0 pair of boots (worn)
 q - a +0 plate armour (worn)
 y - a +1 shield of reflection (worn)
Jewellery
 k - a cursed ring of teleportation (left hand)
 r - an amulet of faith (around neck)
 u - a +3 ring of intelligence
 w - a ring of protection from fire (right hand)
 x - an uncursed ring of ice
 z - an uncursed ring of flight {unknown}
Wands
 E - a wand of polymorph (14)
Scrolls
 d - 3 scrolls of remove curse
 e - a scroll of teleportation {unknown}
 j - 2 scrolls of enchant armour {unknown}
 m - a scroll of fear {unknown}
 n - 3 scrolls of amnesia {unknown}
 o - a scroll of enchant weapon {unknown}
 p - 2 scrolls of fog {unknown}
 s - a scroll of immolation {unknown}
 t - a scroll of noise {unknown}
 B - 2 scrolls of identify
 G - a scroll of vulnerability {unknown}
Potions
 f - 2 potions of curing
 g - 4 potions of heal wounds {unknown}
 i - 3 potions of flight
 l - a potion of agility
 v - a potion of brilliance
Books
 b - a book of Cantrips

   Spells                             Type                      Level
   a - Confusing Touch                Hexes                        1
   b - Animate Skeleton               Necromancy                   1
   c - Summon Small Mammal            Summoning                    1
   d - Apportation                    Translocation                1
 A - a book of Misfortune

   Spells                             Type                      Level
   a - Confusing Touch                Hexes                        1
   b - Confuse                        Hexes                        3
   c - Gell's Gravitas                Translocation                3
   d - Petrify                        Transmutation/Earth          4
   e - Metabolic Englaciation         Hexes/Ice                    5
   f - Yara's Violent Unravelling     Hexes/Transmutation          5
Comestibles
 c - 12 rations


   Skills:
 + Level 9.8 Fighting
 * Level 11.4 Polearms
 + Level 9.0 Armour
 - Level 3.2 Dodging
 - Level 1.5 Stealth
 - Level 1.8 Shields
 + Level 3.2 Invocations


You had 9 spell levels left.
You didn't know any spells.

Dungeon Overview and Level Annotations

Branches:
Dungeon (8/15)             Temple (0/1) D:7
   Lair: D:8-11

Altars:
Cheibriados
Elyvilon
Hepliaklqana
Okawaru
Qazlal
Sif Muna
Trog
Uskayaw
Vehumet
Wu Jian
Yredelemnul

Shops:
D:7 *


Innate Abilities, Weirdness & Mutations

You reflexively headbutt those who attack you in melee.
You have a pair of horns on your head.


Message History

You block the hippogriff's attack.
The hippogriff pecks you but does no damage.
The hippogriff claws you but does no damage.
You puncture the hippogriff!
The hippogriff is almost dead.
You feel like a meek peon again.
The two-headed ogre hits you but does no damage.
The two-headed ogre barely misses you. You block the hippogriff's attack.
The hippogriff pecks you.
* * * LOW HITPOINT WARNING * * *
The hippogriff barely misses you.
You hit the hippogriff.
You headbutt the hippogriff, but do no damage.
The hippogriff is almost dead.
Your plate armour prevents you from hitting the hippogriff.
You kill the hippogriff!
Okawaru accepts your kill.
Your life force feels restored.
The two-headed ogre hits you with a giant club.
You die...

.#.# ###.#.###.
#####
#####.........
.....
#..../........
###.
#.............
#.
#....>........
###.
#.............
....
#........)....
###.
#.....@.......
#......O......
#...........(#
#.......?....#
#............#
#............#
..............#
..............#


You could see a two-headed ogre.

Vanquished Creatures
  The ghost of Ivernyr the Covered, a novice DsSk of Nemelex Xobeh (D:6)
  Joseph (D:7)
  2 hippogriffs (D:8)
  The ghost of al090 the Charmwright, an amateur GnSk (D:3)
  Edmund (D:4)
  A water moccasin (D:7)
  5 ogres
  2 ice beasts
  An orc warrior (D:8)
  2 centaurs
  A big kobold (D:8)
  3 bullfrogs
  A gnoll sergeant (D:3)
  A scorpion (D:7)
  6 killer bees (D:6)
  8 wights
  4 crimson imps
  2 bullfrog skeletons
  2 centaur zombies (D:8)
  4 hounds
  A jelly (D:7)
  3 orc priests
  2 iguanas
  8 worker ants
  3 gnolls (D:4)
  5 adders
  A shadow imp (D:8)
  2 adder zombies
  3 worms
  A dart slug (D:4)
  2 leopard geckos
  13 orcs
  4 giant cockroaches
  6 goblins
  7 hobgoblins
  7 quokkas
  3 ball pythons
  9 bats
  14 frilled lizards
  A jackal skeleton (D:4)
  8 kobolds
  A leopard gecko zombie (D:5)
  9 rats
162 creatures vanquished.

Vanquished Creatures (others)
  A centaur (D:7)
1 creature vanquished.

Grand Total: 163 creatures vanquished

Notes
Turn   | Place    | Note
-------+----------+-------------------------------------------
     0 | D:1      | Norri the Minotaur Monk began the quest for the Orb.
     0 | D:1      | Reached XP level 1. HP: 19/19 MP: 0/0
    61 | D:1      | Reached skill level 1 in Armour
   100 | D:1      | Reached XP level 2. HP: 24/27 MP: 1/1
   620 | D:1      | Reached XP level 3. HP: 34/34 MP: 2/2
   922 | D:2      | Found a snail-covered altar of Cheibriados.
  1089 | D:2      | Found a bloodstained altar of Trog.
  1370 | D:2      | Found a faded altar of an unknown god.
  1523 | D:2      | Reached skill level 5 in Fighting
  1523 | D:2      | Reached XP level 4. HP: 42/42 MP: 3/3
  1788 | D:3      | Noticed al090's ghost (amateur GnSk)
  2137 | D:3      | You fall through a shaft for 2 floors!
  2137 | D:5      | Entered Level 5 of the Dungeon
  2271 | D:5      | Reached XP level 5. HP: 45/48 MP: 4/4
  2275 | D:5      | Found a deep blue altar of Sif Muna.
  2661 | D:5      | Reached skill level 4 in Polearms
  2678 | D:5      | Reached XP level 6. HP: 54/57 MP: 5/5
  2720 | D:5      | Noticed an ice beast
  2730 | D:5      | Killed an ice beast
  2730 | D:5      | Reached skill level 5 in Armour
  3012 | D:4      | Noticed Edmund
  3032 | D:4      | Killed Edmund
  3032 | D:4      | Reached skill level 5 in Polearms
  3065 | D:3      | Reached XP level 7. HP: 33/64 MP: 6/6
  3307 | D:3      | Killed al090's ghost
  3307 | D:3      | Reached skill level 6 in Polearms
  4026 | D:4      | Found a white marble altar of Elyvilon.
  4162 | D:4      | Reached skill level 7 in Polearms
  4304 | D:4      | Reached XP level 8. HP: 69/73 MP: 7/7
  5238 | D:6      | Reached skill level 8 in Polearms
  5318 | D:6      | Noticed Ivernyr's ghost (novice DsSk)
  5603 | D:6      | Found a basalt altar of Yredelemnul.
  5895 | D:6      | Reached skill level 9 in Polearms
  6215 | D:6      | Found a stormy altar of Qazlal.
  6216 | D:6      | Noticed an air elemental
  6355 | D:6      | Found an iron altar of Okawaru.
  6367 | D:6      | Became a worshipper of Warmaster Okawaru
  6367 | D:6      | Reached * piety under Okawaru
  6367 | D:6      | Reached ** piety under Okawaru
  6579 | D:6      | Reached XP level 9. HP: 71/82 MP: 8/8
  6586 | D:6      | Found a white marble altar of Elyvilon.
  6594 | D:6      | Found a hide-covered altar of Uskayaw.
  6596 | D:6      | Found a radiant altar of Vehumet.
  6598 | D:6      | Found a hazy altar of Hepliaklqana.
  6645 | D:6      | Killed Ivernyr's ghost
  6645 | D:6      | Reached skill level 1 in Shields
  6848 | D:7      | Reached skill level 10 in Polearms
  6891 | D:7      | Noticed Joseph
  6920 | D:7      | Killed Joseph
  6920 | D:7      | Reached *** piety under Okawaru
  6920 | D:7      | Reached skill level 1 in Invocations
  6984 | D:7      | Found a staircase to the Ecumenical Temple.
  7093 | D:7      | Found Xecret's Assorted Antiques.
  7479 | D:8      | Reached **** piety under Okawaru
  7479 | D:8      | Reached skill level 11 in Polearms
  7714 | D:8      | HP: 3/85 [ogre/giant club (11)]
  7738 | D:8      | Reached XP level 10. HP: 8/92 MP: 11/11
  7778 | D:8      | Found an ornate altar of the Wu Jian Council.
  7779 | D:8      | Noticed a two-headed ogre
  7789 | D:8      | Slain by a two-headed ogre

Skill      XL: |  1  2  3  4  5  6  7  8  9 10 |
---------------+-------------------------------+-----
Armour         | 1 2 3 4 5 6 7 8 9 |  9.0
Fighting       | 4 5 6 7 8 9 |  9.8
Polearms       | 4 5 7 9 11 | 11.4
Shields        | 1 |  1.8
Invocations    | 2 3 |  3.2
Dodging        | |  3.2
Stealth        | |  1.5

Action                   |  1- 3 |  4- 6 |  7- 9 | 10-12 || total
-------------------------+-------+-------+-------+-------++-------
Melee: Spear             |   119 |   160 |   543 |    30 ||   852
       Headbutt          |    11 |    28 |   102 |     5 ||   146
       Unarmed           |       |       |     1 |       ||     1
Invok: Heroism           |       |       |     5 |     1 ||     6
Evoke: Wand              |       |       |     1 |       ||     1
  Use: Scroll            |       |     1 |     5 |       ||     6
       Potion            |       |       |     2 |     1 ||     3
 Stab: Sleeping          |    10 |     2 |       |       ||    12
  Eat: Chunk             |     2 |     5 |    12 |       ||    19
       Ration            |       |       |     1 |       ||     1
Armor: Robe              |    14 |     1 |       |       ||    15
       Ring mail         |       |    29 |     9 |       ||    38
       Plate armour      |       |       |   152 |    18 ||   170
       Skin              |       |       |     7 |       ||     7
Dodge: Dodged            |    39 |    59 |   106 |     9 ||   213
Block: Shield            |       |       |    79 |    11 ||    90
       Reflection        |       |       |     4 |       ||     4
